cohdb
Replays
Latest Replays
All Replays
Popular Replays
Top Player Replays
Match Explorer
How It Works
Community
CoH3 Stats
Reddit
Sign in to upload your games and track your stats! →
Sign in with Steam
Match 46061996
Unlisted
Match 46061996
Overview
Messages
Build Orders
End
Construct Barracks
Scout Squad
Riflemen Squad
Riflemen Squad
Grenade Package
Riflemen Squad
Mechanized Support Center
M1918 Browning Automatic Rifles
Construct Medical Station
Construct Motor Pool
M8 Greyhound Armored Car
Engineer Squad
Construct Tank Depot
M1 Anti-tank Gun Team
M4A1 Sherman Medium Tank
M3 75 mm Gun Motor Carriage
Sad Pepe
Ou_Dee
0
0
Comments
sign in to comment!
No comments posted yet!